 Dungeon Crawl Stone Soup version 0.29.1-2-gbd0b4ee654 (webtiles) character file.

Game seed: 5827643102253372475

84 RKaid the Shooter (level 4, -3/27 HPs)
             Began as a Tengu Hunter on Oct 23, 2022.
             Killed by divine providence
             ... invoked by an orc priest
              (16 damage)
             ... on level 4 of the Dungeon.
             The game lasted 00:06:29 (3328 turns).

RKaid the Shooter (Tengu Hunter)                    Turns: 3328, Time: 00:06:29

Health: -3/27      AC: 11    Str: 11    XL:     4   Next: 45%
Magic:  5/5        EV: 13    Int:  9    God:
Gold:   149        SH:  0    Dex: 20    Spells: 3/3 levels left

rFire   . . .      SeeInvis .   a - +0 shortbow
rCold   . . .      Faith    .   (shield currently unavailable)
rNeg    . . .      Spirit   .   i - +3 leather armour
rPois   .          Reflect  .   (helmet restricted)
rElec   .          Harm     .   j - +0 cloak
rCorr   .          Rampage  .   (no gloves)
Will    .....                   (boots unavailable)
Stlth   ++........              (no amulet)
HPRegen 0.09/turn               s - +4 ring of protection
MPRegen 0.09/turn               (no ring)

@: no status effects
A: beak, talons 3
a: no special abilities


You were on level 4 of the Dungeon.
You visited 1 branch of the dungeon, and saw 4 of its levels.

You collected 149 gold pieces.

Inventory:

Hand Weapons
 a - a +0 shortbow (weapon)
 b - a +0 sling of freezing
   (You found it on level 1 of the Dungeon)
 g - the +6 whip "Ompe" {drain, rPois rF- rC+}
   (You found it on level 2 of the Dungeon)

   A truly terrible weapon, it drains the life of any living foe it strikes.
   rF:        It makes you vulnerable to fire.
   rC:        It protects you from cold.
   rPois:     It protects you from poison.
Missiles
 f - 4 atropa-tipped darts
Armour
 i - a +3 leather armour (worn)
   (You found it on level 2 of the Dungeon)
 j - a +0 cloak (worn)
   (You found it on level 3 of the Dungeon)
Jewellery
 s - a +4 ring of protection (left hand)
   (You found it on level 3 of the Dungeon)
Wands
 k - a wand of iceblast (8)
   (You found it on level 3 of the Dungeon)
 D - a wand of digging (5)
   (You found it on level 2 of the Dungeon)
Scrolls
 c - a scroll of fog {unknown}
 d - a scroll of immolation {!r}
 h - a scroll of teleportation {unknown}
 l - 3 scrolls of blinking {!r}
 q - a scroll of identify {unknown}
 w - a scroll of poison {unknown}
Potions
 e - 2 potions of cancellation {unknown}
 m - 2 potions of might {unknown}
 n - a potion of brilliance {unknown}
 o - a potion of invisibility {unknown}
 p - a potion of flight {unknown}
 r - a potion of ambrosia {unknown}
 t - a potion of degeneration {unknown}
 u - 3 potions of curing {unknown}
 v - a potion of berserk rage {unknown}


   Skills:
 + Level 2.8 Fighting
 * Level 5.4 Ranged Weapons
 + Level 3.1 Dodging
 - Level 1.0 Stealth


You had 3 spell levels left.
You didn't know any spells.
Your spell library contained the following spells:

 Spells                   Type           Power      Damage    Failure   Level
 Apportation              Tloc           0%         N/A       47%         1
 Necrotise                Necr           0%         1d4       47%         1
 Sting                    Tmut/Pois      0%         1d3       47%         1
 Summon Small Mammal      Summ           0%         N/A       47%         1
 Poisonous Vapours        Pois/Air       0%         N/A       63%         2
 Olgreb's Toxic Radiance  Pois           0%         N/A       99%         4


Dungeon Overview and Level Annotations

Branches:
Dungeon (4/15)             Temple (0/1) D:4

Altars:
Elyvilon

Shops:
D:1 *   D:2 [   D:4 =

Annotations:
D:2 Sigmund


Innate Abilities, Weirdness & Mutations

You have a beak for a mouth.
You have claws for feet.


Message History

Done exploring.
There is a stone staircase leading down here.
Search for what [Enter for "."]? .
You climb downwards.
There is a stone staircase leading up here.
You shoot an arrow. The arrow hits the quokka.
You shoot an arrow. The arrow barely misses the quokka.
You shoot an arrow. The arrow hits the quokka!
You kill the quokka!
No target in view!
No target in view!
No target in view!
Found a silvery potion.
Found an escape hatch in the ceiling.
A worm comes into view.
You shoot an arrow. The arrow hits the worm.
You shoot an arrow.
The arrow hits the worm but does no damage.
You shoot an arrow. The arrow hits the worm.
You shoot an arrow.
The arrow hits the worm but does no damage.
You shoot an arrow. The arrow hits the worm.
You shoot an arrow. The arrow hits the worm!
You kill the worm!
No target in view!
No target in view!
You pick up a book of Cantrips and begin reading...
You add the spells Necrotise, Summon Small Mammal and Apportation to your library.
u - 2 silvery potions (gained 1)
You now have enough gold to buy a scarf of repulsion on D:2.
You can access your shopping list by pressing '$'.
You now have 120 gold pieces (gained 7).
Okay, then.
Unknown command.
Blink to where?
Press: ? - help, Dir - move target
As you read the scroll labelled MUTO OSUOFAWYAF, it crumbles to dust.
It was a scroll of blinking.
l - 3 scrolls of blinking;
s - a +4 ring of protection (left hand) As you open the large door, it creaks loudly!
Found Tarae's Jewellery Boutique.
Found a stone staircase leading down.
There is a large open door here.
There is an entrance to Tarae's Jewellery Boutique here.
Shopping list: replace 360gp amulet of reflection on D:1 with cheaper one? (Y/n)
You can access your shopping list by pressing '$'.
Unknown command.
There is a large open door here.
You now have 136 gold pieces (gained 16).
There is a stone staircase leading up here.
u - 3 silvery potions (gained 1)
A hobgoblin comes into view.
The hobgoblin shouts!
You shoot an arrow. The arrow hits the hobgoblin.
You kill the hobgoblin!
You now have 141 gold pieces (gained 5).
A hobgoblin comes into view.
You shoot an arrow. The hobgoblin shouts!
The arrow hits the hobgoblin!
You kill the hobgoblin!
No target in view!
v - a viscous grey potion
Found a white marble altar of Elyvilon.
You now have 149 gold pieces (gained 8).
w - a scroll labelled IHIOTZI ECWIJ
Found a stone staircase leading down.
Found a staircase to the Ecumenical Temple.
An orc comes into view. It is wielding a +0 dagger.
The orc shouts!
You shoot an arrow.
The arrow hits the orc but does no damage.
You shoot an arrow. The arrow hits the orc.
An orc comes into view. It is wielding a +0 dagger.
You shoot an arrow. The orc shouts!
The arrow hits the orc.
You kill the orc!
You hear a shout!
An orc priest comes into view. It is wielding a +0 dagger.
Unknown command.
Fire: a) +0 shortbow
Press: ? - help, Q - select action Shift-Dir - straight line, f - orc priest
Aim: an orc priest, wielding a +0 dagger and wearing a +0 ring mail (wandering, hasn't noticed you, 69% to hit)
You shoot an arrow. The orc priest shouts!
The arrow hits the orc priest but does no damage.
You hear a shout!
Fire: a) +0 shortbow
Press: ? - help, Q - select action Shift-Dir - straight line, f/p - orc priest
Aim: an orc priest, wielding a +0 dagger and wearing a +0 ring mail (69% to hit)
You shoot an arrow. The arrow hits the orc priest.
The orc priest invokes the aid of Beogh against you.
Beogh smites you!
Ouch! That really hurt!
You are too injured to fight recklessly!
Unknown command.
The orc priest mumbles some strange prayers to Beogh against you.
Beogh smites you!
Ouch! That really hurt!
You die...

#.###....# #.#
#.####...###..
#..###....##..#
...##.....##..# ######
...#..........# ###......
..............###........
........####..........#..
......### ##...........).
#....## #....#@.>..#.#.
###..######....##........
##..##.......###...#...#
##...##.##....# ..#......
#...##...#....#.#)..o.>..
#..###.P.#...##...# .....
..## #...##..## #.. #...#
.## ##.####.. ..o .... ##
#.# ##.. ... .#.


You could see an orc priest and an orc.

Vanquished Creatures
  3 adders (D:3)
  2 worms
  3 dart slugs
  2 orcs
  7 ball pythons
  6 bats
  3 endoplasms
  2 giant cockroaches
  2 goblins
  2 hobgoblins (D:4)
  3 kobolds
  3 quokkas
  A frilled lizard (D:2)
  3 rats
42 creatures vanquished.

Notes
Turn   | Place    | Note
-------+----------+-------------------------------------------
     0 | D:1      | RKaid the Tengu Hunter began the quest for the Orb.
     0 | D:1      | Reached XP level 1. HP: 12/12 MP: 2/2
   178 | D:1      | Found Kufomij's General Store.
   186 | D:1      | Reached XP level 2. HP: 17/17 MP: 3/3
   603 | D:1      | Reached XP level 3. HP: 22/22 MP: 4/4
   827 | D:2      | Identified the +6 whip "Ompe" {drain, rPois rF- rC+}
  1054 | D:2      | Reached skill level 5 in Ranged Weapons
  1054 | D:2      | Found a faded altar of an unknown god.
  1248 | D:2      | Noticed Sigmund
  1565 | D:2      | Found Kecif's Armour Shoppe.
  2440 | D:3      | Reached XP level 4. HP: 27/27 MP: 5/5
  2462 | D:3      | Reached skill level 3 in Dodging
  2922 | D:4      | Found Tarae's Jewellery Boutique.
  3292 | D:4      | Found a white marble altar of Elyvilon.
  3320 | D:4      | Found a staircase to the Ecumenical Temple.
  3328 | D:4      | Killed from afar by an orc priest

Illustrated notes

Levels and vault maps discovered:
D:1:      dpeg_arrival_stone_temple_mockup, layout_basic, serial_shops, shop,
          nrook_loot_triangle
D:2:      layout_loops_corners, hellmonk_ecumenical_altar_pennies_from_heaven,
          serial_shops, shop, palyth_stone_intersect, serial_bayou_lagoon_b,
          uniq_sigmund
D:3:      layout_basic, grunt_decor_junction, item_on_display_a
D:4:      minmay_clustersquares, layout_layer_cave, elyvilon_altar_1,
          minmay_temple_entry_sparse_star, serial_shops,
          nicolae_shop_hallway_stairs

Skill      XL: |  1  2  3  4 |
---------------+-------------+-----
Ranged Weapons | 5 |  5.4
Dodging        | 3 |  3.1
Fighting       | |  2.8
Stealth        | |  1.0

Action                   |  1- 3 |  4- 6 || total
-------------------------+-------+-------++-------
 Fire: Shortbow          |    65 |    29 ||    94
  Use: Scroll            |       |     1 ||     1
Armor: Leather armour    |    25 |       ||    25
Dodge: Dodged            |    52 |       ||    52

Table legend: (Time is in decaauts)
 A = Elapsed time spent in this place.
 B = Non-inter-level travel time spent in this place.
 C = Inter-level travel time spent in this place.
 D = Time resting spent in this place.
 E = Time spent auto-exploring this place.
 F = Levels seen in this place.
 G = Mean time per level.
                   A        B        C        D        E       F      G
               +--------+--------+--------+--------+--------+-----+--------+
         Total |   3365 |   3280 |     85 |    322 |   2410 |   4 |  841.2 |
       Dungeon |   3365 |   3280 |     85 |    322 |   2410 |   4 |  841.2 |
               +--------+--------+--------+--------+--------+-----+--------+

Top non-repeatable levels by time:
     D:3: 982 daAuts
     D:2: 979 daAuts
     D:1: 961 daAuts
     D:4: 441 daAuts

Table legend:
 A = Kills in this place as a percentage of kills in entire the game.
 B = Kills by you in this place as a percentage of kills by you in the entire game.
 C = Kills by friends in this place as a percentage of kills by friends in the entire game.
 D = Other kills in this place as a percentage of other kills in the entire game.
 E = Experience gained in this place as a percentage of experience gained in the entire game.
 F = Experience gained in this place divided by the number of levels of this place that you have seen.
                   A       B       C       D       E      F
               +-------+-------+-------+-------+-------+----------------------
         Total | 100.0 | 100.0 |   N/A |   N/A | 100.0 |  30.0
       Dungeon | 100.0 | 100.0 |   N/A |   N/A | 100.0 |  30.0
               +-------+-------+-------+-------+-------+----------------------
